 Dungeon Crawl Stone Soup version 0.19.1 (webtiles) character file.

8108 HessuHobo the Severer (level 11, 0/123 HPs)
             Began as a Red Draconian Berserker on Dec 27, 2016.
             Was a High Priest of Trog.
             Slain by a killer bee (5 damage)
             ... on level 11 of the Dungeon.
             The game lasted 00:27:00 (11324 turns).

HessuHobo the Severer (Red Draconian Berserker)    Turns: 11324, Time: 00:27:00

Health: 0/123      AC:  9    Str: 27    XL:     11   Next: 5%
Magic:  11/11      EV: 10    Int: 16    God:    Trog [*****.]
Gold:   590        SH: 10    Dex: 11    Spells: 0 memorised, 10 levels left

rFire  + + .     SeeInvis .     w - +2 war axe (drain)
rCold  . . .     Gourm    .     (armour unavailable)
rNeg   . . .     Faith    .     k - +1 shield
rPois  .         Spirit   .     (helmet restricted)
rElec  .         Reflect  .     (no cloak)
rCorr  .         Harm     .     (no gloves)
MR     +....     Clarity  +     (no boots)
Stlth  .......... Rnd*Tele +    (no amulet)
                                u - +4 ring of intelligence
                                n - +2 ring of protection

@: berserking, lethally poisoned (0 -> -4), very quick
A: breathe fire, unfitting armour, big wings, clarity, clever 2, fire resistance
2, magic resistance 1, teleportitis 1, cold-blooded, AC +7
a: Breathe Fire, Fly, Berserk, Trog's Hand, Brothers in Arms, Burn Spellbooks,
Renounce Religion


You were on level 11 of the Dungeon.
You worshipped Trog.
Trog was extremely pleased with you.
You were very hungry.

You visited 1 branch of the dungeon, and saw 11 of its levels.

You collected 590 gold pieces.

Inventory:

Hand Weapons
 a - a +1 hand axe
 q - a +0 war axe
 r - a +1 flail of holy wrath
 w - a +2 war axe of draining (weapon)
Armour
 k - a +1 shield (worn)
Jewellery
 n - a +2 ring of protection (left hand)
 u - a +4 ring of intelligence (right hand)
Wands
 p - a wand of polymorph (23/24)
 t - a wand of paralysis (11/24)
 v - a wand of flame (30/48)
Scrolls
 c - 3 scrolls of remove curse
 e - a scroll of fear {unknown}
 f - 10 scrolls of identify
 h - 2 scrolls of immolation
 l - 2 scrolls of noise
 o - 2 scrolls of magic mapping
 s - a scroll of holy word {unknown}
Potions
 b - 2 potions of heal wounds
 d - a potion of curing
Comestibles
 g - 4 fruits
 i - 3 beef jerkies
 j - 7 chunks of flesh
 m - a bread ration
 x - a meat ration


   Skills:
 - Level 3.2 Fighting
 + Level 16.0 Axes
 - Level 2.6 Dodging
 - Level 1.7 Stealth
 - Level 1.7 Shields
 + Level 1.4 Unarmed Combat


You had 10 spell levels left.
You didn't know any spells.

Dungeon Overview and Level Annotations

Branches:
Dungeon (11/15)            Temple (0/1) D:7            Lair (0/6) D:9
    Orc: D:9-12

Altars:
Dithmenos
Uskayaw
Beogh

Shops:
D:6 (((*   D:10 *

Annotations:
D:7 exclusion: oklob plant


Innate Abilities, Weirdness & Mutations

You can breathe blasts of fire.
Your fiery red scales are hard. (AC +7)
You cannot fit into any form of body armour.
Your flesh is very heat resistant. (rF++)
You are cold-blooded and may be slowed by cold attacks.
Your large and strong wings let you fly indefinitely.
You possess an exceptional clarity of mind.
Your mind is very acute. (Int +4)
You are resistant to hostile enchantments. (MR+)
You are occasionally teleported next to monsters.


Message History

You block the killer bee's attack.
The killer bee stings you but does no damage.
You miss the killer bee.
Your tail-slap misses the killer bee.
The killer bee is lightly wounded.
You miss the killer bee. You block the killer bee's attack.
The killer bee stings you.
* * * LOW HITPOINT WARNING * * *
You slash the killer bee! You drain the killer bee!
You kill the killer bee!
Trog accepts your kill.
You hit the centaur zombie. You barely miss the troll.
You barely miss the killer bee.
* * * LOW HITPOINT WARNING * * *
You feel sick.
The killer bee stings you but does no damage.
You slash the troll!
The troll is moderately wounded.
You slash the centaur zombie! You barely miss the killer bee.
You block the centaur zombie's attack. The killer bee stings you.
You die...

####
#.@#
#.ZTy#
#..u.#
+.$J.+
#....#
#....#
##..##
####


You could see a green ugly thing, a troll, a jelly, a killer bee and a centaur
zombie.

Vanquished Creatures
  Pikel (D:8)
  A hill giant (D:8)
  The ghost of HessuHobo the Spear-Bearer, a novice DsGl of Cheibriados (D:6)
  Joseph (D:8)
  Maurice (D:7)
  The ghost of eXcel the Archer, a novice CeHu (D:5)
  3 hippogriffs
  3 yaks (D:10)
  A water moccasin (D:5)
  6 orc warriors (D:8)
  A sky beast (D:6)
  An eye of draining (D:8)
  A phantom (D:10)
  3 slaves (D:8)
  A black bear (D:7)
  A necrophage (D:8)
  6 ogres
  6 bullfrogs
  A water moccasin zombie (D:8)
  2 scorpions
  19 killer bees
  3 wights (D:6)
  8 howler monkeys
  A centaur zombie (D:8)
  A bullfrog zombie (D:8)
  2 jellies
  2 hounds
  6 orc wizards
  2 orc priests
  3 iguanas
  13 worker ants
  A hound zombie (D:10)
  A worker ant zombie (D:5)
  3 gnolls (D:6)
  A howler monkey skeleton (D:10)
  10 adders
  2 shadow imps
  2 oozes
  2 adder skeletons
  4 worms
  2 dart slugs (D:2)
  7 leopard geckos
  35 orcs
  2 ball pythons
  6 bats
  10 giant cockroaches
  4 goblins
  5 hobgoblins
  7 jackals
  7 kobolds
  4 quokkas
  3 frilled lizards
  A quokka zombie (D:5)
  5 rats
226 creatures vanquished.

Vanquished Creatures (collateral kills)
  A hill giant (D:10)
  A scorpion (D:10)
2 creatures vanquished.

Vanquished Creatures (others)
  A slave (D:8)
1 creature vanquished.

Grand Total: 229 creatures vanquished

Notes
Turn   | Place    | Note
-------+----------+-------------------------------------------
     0 | D:1      | HessuHobo the Draconian Berserker began the quest for the Orb.
     0 | D:1      | Reached XP level 1. HP: 19/19 MP: 1/1
   281 | D:1      | Reached XP level 2. HP: 26/26 MP: 2/2
   542 | D:2      | Reached skill level 4 in Axes
   568 | D:2      | Reached XP level 3. HP: 24/31 MP: 3/3
   923 | D:2      | Reached ** piety under Trog
  1581 | D:3      | Reached XP level 4. HP: 36/38 MP: 4/4
  1654 | D:3      | Reached skill level 5 in Axes
  1709 | D:3      | Reached skill level 1 in Stealth
  2107 | D:3      | Reached XP level 5. HP: 40/45 MP: 5/5
  2687 | D:4      | Noticed an ogre
  2696 | D:4      | Killed an ogre
  2696 | D:4      | Reached skill level 6 in Axes
  2696 | D:4      | Reached skill level 1 in Shields
  2740 | D:4      | Reached XP level 6. HP: 16/51 MP: 6/6
  3914 | D:5      | Entered Level 5 of the Dungeon
  4327 | D:5      | Noticed a water moccasin
  4339 | D:5      | Killed a water moccasin
  4339 | D:5      | Reached *** piety under Trog
  4339 | D:5      | Reached skill level 7 in Axes
  4357 | D:5      | Noticed eXcel's ghost (novice CeHu)
  4540 | D:5      | Killed eXcel's ghost
  4540 | D:5      | Reached skill level 8 in Axes
  4540 | D:5      | Your scales start taking on a fiery red colour.
  4540 | D:5      | Reached XP level 7. HP: 29/57 MP: 7/7
  4540 | D:5      | Gained mutation: Your flesh is heat resistant. (rF+) [Red Draconian growth]
  4826 | D:5      | Found a shadowy altar of Dithmenos.
  4902 | D:5      | Reached skill level 9 in Axes
  5271 | D:5      | Reached XP level 8. HP: 58/63 MP: 8/8
  5432 | D:6      | Found Bymi's Weapon Shoppe.
  5473 | D:6      | Noticed HessuHobo's ghost (novice DsGl)
  5504 | D:6      | Killed HessuHobo's ghost
  5504 | D:6      | Reached skill level 10 in Axes
  6017 | D:6      | Reached skill level 11 in Axes
  6346 | D:6      | Found Anakh's Antique Weapon Shop.
  6592 | D:6      | Found Syizour's Assorted Antiques.
  6767 | D:6      | Found Fesifream's Weapon Emporium.
  7224 | D:6      | Gained mutation: You evolve. [mutagenic meat]
  7225 | D:6      | Gained mutation: Your mind is acute. (Int +2) [mutagenic meat]
  7226 | D:6      | Gained mutation: You tend to lose your temper in combat. [mutagenic meat]
  7227 | D:6      | Gained mutation: Your mind is very acute. (Int +4) [mutagenic meat]
  7228 | D:6      | Gained mutation: Your large and strong wings let you fly indefinitely. [mutagenic meat]
  7234 | D:7      | Reached XP level 9. HP: 70/70 MP: 9/9
  7297 | D:7      | Noticed an oklob plant
  7298 | D:7      | Found a hide-covered altar of Uskayaw.
  7516 | D:7      | Found a staircase to the Ecumenical Temple.
  7549 | D:7      | Reached skill level 12 in Axes
  8093 | D:8      | Noticed a hill giant
  8101 | D:8      | Noticed Maurice
  8105 | D:8      | Noticed Joseph
  8107 | D:8      | Reached **** piety under Trog
  8108 | D:8      | Killed a hill giant
  8113 | D:8      | Noticed Pikel
  8116 | D:8      | Reached skill level 13 in Axes
  8379 | D:7      | Lost mutation: You tend to lose your temper in combat. [evolution]
  8427 | D:7      | Killed Maurice
  8481 | D:8      | Killed Joseph
  8481 | D:8      | Reached XP level 10. HP: 77/77 MP: 10/10
  8491 | D:8      | Killed Pikel
  8491 | D:8      | Reached skill level 14 in Axes
  8491 | D:8      | Reached skill level 1 in Unarmed Combat
  8714 | D:7      | Gained mutation: You are resistant to hostile enchantments. (MR+) [potion of mutation]
  8714 | D:7      | Gained mutation: You are occasionally teleported next to monsters. [potion of mutation]
  8714 | D:7      | Gained mutation: Your flesh is very heat resistant. (rF++) [potion of mutation]
  8890 | D:8      | Found a roughly hewn altar of Beogh.
  9471 | D:8      | Reached skill level 15 in Axes
  9618 | D:9      | Gained mutation: You possess an exceptional clarity of mind. [evolution]
  9618 | D:9      | Lost mutation: You evolve. [end of evolution]
 10043 | D:9      | Found a staircase to the Lair.
 10219 | D:10     | Entered Level 10 of the Dungeon
 10259 | D:10     | Reached ***** piety under Trog
 10628 | D:10     | Received a gift from Trog
 10918 | D:10     | Found Suade's Elemental Accessories.
 11080 | D:10     | Noticed a hill giant
 11097 | D:10     | Killed a hill giant
 11097 | D:10     | Reached XP level 11. HP: 42/82 MP: 11/11
 11317 | D:11     | Noticed a green ugly thing
 11321 | D:11     | Reached skill level 16 in Axes
 11322 | D:11     | HP: 6/123 [killer bee (2)]
 11324 | D:11     | Slain by a killer bee

Skill      XL: |  1  2  3  4  5  6  7  8  9 10 11 |
---------------+----------------------------------+-----
Axes           | 4 5 6 8 9 11 13 15 16 | 16.0
Stealth        | 1 |  1.7
Shields        | 1 |  1.7
Unarmed Combat | 1 |  1.4
Fighting       | |  3.2
Dodging        | |  2.6

Action                   |  1- 3 |  4- 6 |  7- 9 | 10-12 || total
-------------------------+-------+-------+-------+-------++-------
Melee: Hand axe          |   114 |   121 |       |       ||   235
       Tailslap          |    11 |    29 |    32 |    30 ||   102
       War axe           |       |    41 |   204 |   208 ||   453
       Unarmed           |       |       |     4 |       ||     4
Invok: Berserk           |     1 |     7 |     7 |     4 ||    19
       Trog's Hand       |       |       |       |     1 ||     1
       Brothers in Arms  |       |       |       |     1 ||     1
 Abil: Breathe Fire      |       |       |     3 |       ||     3
  Use: Scroll            |     3 |     5 |     1 |     5 ||    14
       Potion            |     2 |       |     2 |     4 ||     8
 Stab: Sleeping          |     1 |       |       |     1 ||     2
  Eat: Chunk             |     3 |    15 |    16 |     3 ||    37
       Fruit             |       |       |     3 |       ||     3
       Bread ration      |       |       |     1 |     2 ||     3
       Pizza             |       |       |     1 |       ||     1
       Beef jerky        |       |       |     1 |       ||     1
Armor: Skin              |    53 |    37 |    62 |    83 ||   235
Dodge: Dodged            |    93 |    58 |    87 |    99 ||   337
Block: Shield            |    19 |    72 |   110 |   131 ||   332
